AoeStats
← drloving3

Arena

510066485Analyzed
1v1 RM · 1d ago on Sep 29, 2026· 16m 17s· 2 players
Game mode
Random Map
Map size
Tiny (2 player)
Population
200
Speed
Normal
Resources
Standard
Victory
Conquest
Starting age
Dark Age
Ending age
Imperial Age
RankedLock teamsTeams togetherTeam positionsShared explorationLock speedFull tech treeHidden civsTurbo modeCheats
Victory
Defeat
🇺🇸 Romans · United States
1143
+14
🇨🇦 Japanese · Canada
1110
-14
LBW92
10:45 Feudal Age
11:04 Loom
14:42 Castle Age
13:09 Double-Bit Axe
13:50 Horse Collar
drloving3
11:00 Feudal Age
12:24 Wheelbarrow
11:59 Loom
12:45 Loom
15:12 Castle Age
13:20 Double-Bit Axe
14:01 Man-at-Arms
14:38 Horse Collar
15:41 Scale Mail Armor
15:37 Long Swordsman
Connection lost

Rejoining the realm…

Still unreachable

The connection could not be restored.

Session expired

The server has moved on; the page needs a fresh start.